[ AOE2 MATCH · #506656155 ]
UnrankedMagyars vs Franks
Player's team · WIN
Rival team · LOSS
[ REPLAY ANALYSIS · EXTRACTED FROM THE RECORDED GAME ]
Feudal
8:54
Castle
22:50
Imperial
—
| APM avg | 40.5 |
| APM peak | 95 |
| eAPM avg | 21.0 |
| Villagers / military | 102 / 46 |
Focus
⚔️ 26.9% · 🌾 73.1%
Knight ×39 · Scout Cavalry ×7
Feudal
9:58
Castle
24:42
Imperial
—
| APM avg | 26.1 |
| APM peak | 51 |
| eAPM avg | 11.1 |
| Villagers / military | 43 / 28 |
Focus
⚔️ 27.7% · 🌾 72.3%
Spearman ×12 · Knight ×11 · Scout Cavalry ×5
Match map
Initial resources + every placement click. Lines = walls · curves = elevation contours. ◆ gold · ⬟ stone · ● berries · ✦ relic · ◌ wall gap
Your base· ✓ Closed at 22:50 · 43t walls · 1 gate(s)
我叫徐海怪's base· ✓ Closed at 24:42 · 42t walls · 1 gate(s)
Smoothed initial terrain · ◌ = detected wall gap · hover for details
Inputs per minute
— LMG_SON SABANDIJAS - - 我叫徐海怪
Build order — LMG_SON SABANDIJAS
First 150 of 242 actions detected
| 0:01 | Queue | Villager (Male) |
| 0:01 | Queue | Villager (Male) |
| 0:02 | Build | House |
| 0:03 | Build | House |
| 0:11 | Queue | Villager (Male) |
| 0:11 | Queue | Villager (Male) |
| 1:16 | Queue | Villager (Male) |
| 1:16 | Queue | Villager (Male) |
| 2:05 | Queue | Villager (Male) |
| 2:06 | Queue | Villager (Male) |
| 2:06 | Queue | Villager (Male) |
| 2:29 | Queue | Villager (Male) |
| 2:29 | Queue | Villager (Male) |
| 2:29 | Queue | Villager (Male) |
| 2:44 | Build | Lumber Camp |
| 2:50 | Queue | Villager (Male) |
| 2:50 | Queue | Villager (Male) |
| 2:50 | Queue | Villager (Male) |
| 3:09 | Queue | Villager (Male) |
| 3:10 | Queue | Villager (Male) |
| 3:31 | Build | House |
| 3:36 | Queue | Villager (Male) |
| 3:36 | Queue | Villager (Male) |
| 3:36 | Queue | Villager (Male) |
| 3:37 | Queue | Villager (Male) |
| 4:31 | Queue | Villager (Male) |
| 4:31 | Queue | Villager (Male) |
| 4:53 | Queue | Villager (Male) |
| 4:53 | Queue | Villager (Male) |
| 4:53 | Queue | Villager (Male) |
| 5:06 | Build | Mill |
| 5:43 | Queue | Villager (Male) |
| 5:43 | Queue | Villager (Male) |
| 6:12 | Research | Loom |
| 6:44 | Research | Feudal Age |
| 7:32 | Build | House |
| 7:57 | Build | Barracks |
| 8:10 | Queue | Villager (Male) |
| 8:10 | Queue | Villager (Male) |
| 8:11 | Queue | Villager (Male) |
| 8:54 | Age | Feudal Age |
| 8:56 | Build | Stable |
| 9:05 | Build | Palisade Gate |
| 9:11 | Queue | Villager (Male) |
| 9:11 | Queue | Villager (Male) |
| 9:11 | Queue | Villager (Male) |
| 9:18 | Build | House |
| 9:25 | Build | Palisade Wall |
| 9:29 | Queue | Villager (Male) |
| 9:30 | Queue | Villager (Male) |
| 9:40 | Build | House |
| 9:41 | Queue | Scout Cavalry |
| 9:42 | Queue | Scout Cavalry |
| 9:42 | Queue | Scout Cavalry |
| 9:45 | Build | Palisade Wall |
| 9:48 | Build | Palisade Wall |
| 9:56 | Build | House |
| 10:00 | Build | Palisade Wall |
| 10:19 | Queue | Scout Cavalry |
| 10:27 | Queue | Villager (Male) |
| 10:33 | Build | Palisade Wall |
| 10:35 | Build | Palisade Wall |
| 10:58 | Queue | Villager (Male) |
| 11:22 | Queue | Villager (Male) |
| 11:23 | Queue | Villager (Male) |
| 11:28 | Build | House |
| 11:36 | Build | Farm |
| 11:37 | Build | Farm |
| 11:47 | Research | Double-Bit Axe |
| 11:56 | Build | Palisade Wall |
| 12:12 | Queue | Villager (Male) |
| 12:12 | Queue | Villager (Male) |
| 12:12 | Queue | Villager (Male) |
| 12:16 | Build | Farm |
| 12:17 | Build | Farm |
| 12:17 | Build | Farm |
| 12:40 | Queue | Villager (Male) |
| 12:41 | Queue | Villager (Male) |
| 12:41 | Queue | Villager (Male) |
| 12:52 | Build | House |
| 12:56 | Queue | Villager (Male) |
| 12:57 | Queue | Villager (Male) |
| 12:57 | Queue | Villager (Male) |
| 13:14 | Build | Palisade Wall |
| 13:20 | Build | Farm |
| 13:22 | Build | Farm |
| 13:23 | Queue | Villager (Male) |
| 13:23 | Queue | Villager (Male) |
| 13:24 | Queue | Villager (Male) |
| 13:33 | Build | Farm |
| 13:38 | Build | House |
| 13:43 | Build | Farm |
| 14:06 | Build | Farm |
| 14:07 | Queue | Villager (Male) |
| 14:08 | Queue | Villager (Male) |
| 14:15 | Build | House |
| 14:19 | Build | House |
| 14:36 | Build | Lumber Camp |
| 14:45 | Build | House |
| 14:46 | Queue | Scout Cavalry |
| 14:47 | Queue | Scout Cavalry |
| 14:53 | Queue | Villager (Male) |
| 14:53 | Queue | Villager (Male) |
| 14:53 | Queue | Villager (Male) |
| 15:15 | Queue | Villager (Male) |
| 15:15 | Queue | Villager (Male) |
| 15:18 | Queue | Scout Cavalry |
| 15:28 | Build | House |
| 15:31 | Build | Farm |
| 15:39 | Queue | Villager (Male) |
| 15:42 | Build | Farm |
| 15:49 | Build | House |
| 15:51 | Build | Palisade Wall |
| 15:52 | Build | Palisade Wall |
| 16:03 | Build | Farm |
| 16:07 | Build | Farm |
| 16:12 | Queue | Villager (Male) |
| 16:15 | Build | Mining Camp |
| 16:25 | Queue | Villager (Male) |
| 16:26 | Queue | Villager (Male) |
| 16:31 | Build | Farm |
| 16:45 | Build | Farm |
| 16:48 | Queue | Villager (Male) |
| 17:05 | Queue | Villager (Male) |
| 17:07 | Build | Farm |
| 17:10 | Queue | Villager (Male) |
| 17:21 | Build | Farm |
| 17:23 | Build | Farm |
| 17:33 | Build | Farm |
| 19:15 | Queue | Villager (Male) |
| 19:15 | Queue | Villager (Male) |
| 19:25 | Build | Blacksmith |
| 20:02 | Research | Castle Age |
| 20:41 | Build | House |
| 20:43 | Research | Scale Barding Armor |
| 21:03 | Build | Stable |
| 21:14 | Research | Horse Collar |
| 21:16 | Research | Gold Mining |
| 21:28 | Build | Farm |
| 21:46 | Queue | Villager (Male) |
| 21:47 | Queue | Villager (Male) |
| 22:16 | Build | House |
| 22:18 | Build | House |
| 22:28 | Build | House |
| 22:35 | Build | Palisade Wall |
| 22:44 | Build | Stable |
| 22:50 | Age | Castle Age |
| 22:54 | Queue | Knight |
| 22:54 | Queue | Knight |
| 22:54 | Queue | Knight |
Build order — 我叫徐海怪
123 actions detected in the replay
| 0:14 | Queue | Villager (Male) ×4 |
| 0:18 | Build | House |
| 0:19 | Build | House |
| 1:43 | Queue | Villager (Male) |
| 2:30 | Queue | Villager (Male) ×2 |
| 2:34 | Build | Lumber Camp |
| 3:05 | Queue | Villager (Male) |
| 3:12 | Queue | Villager (Male) |
| 3:13 | Queue | Villager (Male) |
| 3:53 | Queue | Villager (Male) |
| 4:15 | Queue | Villager (Male) |
| 4:30 | Build | House |
| 5:02 | Queue | Villager (Male) |
| 5:02 | Queue | Villager (Male) |
| 5:31 | Queue | Villager (Male) |
| 5:44 | Queue | Villager (Male) |
| 5:45 | Queue | Villager (Male) |
| 5:51 | Queue | Villager (Male) |
| 6:06 | Queue | Villager (Male) |
| 6:08 | Build | Mill |
| 6:44 | Queue | Villager (Male) |
| 7:14 | Research | Loom |
| 7:48 | Research | Feudal Age |
| 8:24 | Build | Palisade Wall |
| 8:35 | Build | Palisade Wall |
| 8:37 | Queue | Villager (Male) |
| 9:16 | Build | Barracks |
| 9:28 | Build | Palisade Wall |
| 9:49 | Build | Palisade Wall |
| 9:58 | Age | Feudal Age |
| 10:01 | Build | Palisade Wall |
| 10:04 | Build | House |
| 10:27 | Build | Stable |
| 10:35 | Queue | Villager (Male) |
| 10:57 | Build | Palisade Wall |
| 11:00 | Queue | Villager (Male) |
| 11:27 | Build | Palisade Gate |
| 11:30 | Queue | Villager (Male) |
| 11:38 | Build | Farm |
| 11:44 | Queue | Scout Cavalry ×5 |
| 11:58 | Queue | Spearman |
| 11:59 | Queue | Spearman |
| 12:37 | Queue | Villager (Male) |
| 12:53 | Build | House |
| 12:57 | Build | Lumber Camp |
| 13:00 | Build | Farm |
| 13:01 | Build | Farm |
| 13:02 | Build | Farm |
| 13:14 | Queue | Villager (Male) |
| 13:44 | Build | House |
| 14:17 | Build | House |
| 14:22 | Queue | Villager (Male) |
| 14:40 | Queue | Villager (Male) |
| 14:49 | Build | Blacksmith |
| 14:52 | Queue | Villager (Male) |
| 14:56 | Build | Farm |
| 14:58 | Build | Farm |
| 14:59 | Build | Farm |
| 15:17 | Queue | Villager (Male) |
| 15:24 | Research | Double-Bit Axe |
| 15:25 | Queue | Villager (Male) |
| 15:39 | Build | Mining Camp |
| 15:47 | Build | House |
| 16:09 | Queue | Villager (Male) |
| 16:27 | Queue | Spearman |
| 16:27 | Queue | Spearman |
| 16:44 | Build | House |
| 16:46 | Queue | Villager (Male) |
| 16:48 | Build | Farm |
| 17:14 | Build | House |
| 17:17 | Build | House |
| 17:20 | Queue | Villager (Male) |
| 17:22 | Build | Farm |
| 17:32 | Queue | Villager (Male) |
| 17:36 | Queue | Villager (Male) |
| 17:41 | Build | Farm |
| 18:04 | Build | House |
| 18:13 | Build | Farm |
| 18:15 | Queue | Villager (Male) |
| 18:27 | Build | House |
| 18:31 | Build | House |
| 18:51 | Build | Farm |
| 18:56 | Queue | Villager (Male) |
| 19:11 | Build | House |
| 19:27 | Build | Farm |
| 19:29 | Queue | Spearman |
| 19:29 | Queue | Spearman |
| 20:17 | Build | Palisade Gate |
| 20:47 | Queue | Villager (Male) |
| 20:49 | Queue | Villager (Male) |
| 20:49 | Queue | Villager (Male) |
| 20:55 | Build | Mining Camp |
| 21:01 | Build | Farm |
| 21:07 | Build | Farm |
| 21:08 | Build | Farm |
| 21:09 | Build | Farm |
| 21:14 | Build | Farm |
| 21:25 | Build | Stable |
| 21:33 | Build | Farm |
| 21:59 | Research | Castle Age |
| 22:23 | Research | Gold Mining |
| 23:18 | Build | House |
| 23:22 | Build | House |
| 23:27 | Build | House |
| 23:31 | Build | House |
| 23:44 | Research | Stone Mining |
| 23:46 | Research | Wheelbarrow |
| 23:54 | Research | Scale Barding Armor |
| 23:56 | Research | Forging |
| 24:13 | Queue | Villager (Male) |
| 24:42 | Age | Castle Age |
| 24:47 | Research | Husbandry |
| 24:47 | Queue | Knight |
| 25:30 | Research | Pikeman (upgrade) |
| 25:33 | Queue | Knight |
| 25:33 | Queue | Knight |
| 26:03 | Queue | Knight ×3 |
| 26:04 | Queue | Knight ×3 |
| 26:41 | Queue | Spearman ×3 |
| 26:41 | Queue | Spearman ×3 |
| 27:17 | Queue | Knight |
| 27:18 | Queue | Knight |
| 27:38 | Queue | Villager (Male) |
Match timeline
| 7:57 | LMG_SON SABANDIJAS · first_building Barracks |
| 8:24 | 我叫徐海怪 · wall_segment Palisade Wall x8 |
| 8:35 | 我叫徐海怪 · wall_segment Palisade Wall x1 |
| 8:54 | LMG_SON SABANDIJAS · age_up feudal |
| 8:56 | LMG_SON SABANDIJAS · first_building Stable |
| 9:16 | 我叫徐海怪 · first_building Barracks |
| 9:25 | LMG_SON SABANDIJAS · wall_segment Palisade Wall x17 |
| 9:28 | 我叫徐海怪 · wall_segment Palisade Wall x8 |
| 9:45 | LMG_SON SABANDIJAS · wall_segment Palisade Wall x2 |
| 9:48 | LMG_SON SABANDIJAS · wall_segment Palisade Wall x5 |
| 9:49 | 我叫徐海怪 · wall_segment Palisade Wall x9 |
| 9:58 | 我叫徐海怪 · age_up feudal |
| 10:00 | LMG_SON SABANDIJAS · wall_segment Palisade Wall x9 |
| 10:01 | 我叫徐海怪 · wall_segment Palisade Wall x7 |
| 10:27 | 我叫徐海怪 · first_building Stable |
| 10:33 | LMG_SON SABANDIJAS · wall_segment Palisade Wall x3 |
| 10:35 | LMG_SON SABANDIJAS · wall_segment Palisade Wall x2 |
| 10:57 | 我叫徐海怪 · wall_segment Palisade Wall x9 |
| 11:56 | LMG_SON SABANDIJAS · wall_segment Palisade Wall x1 |
| 13:14 | LMG_SON SABANDIJAS · wall_segment Palisade Wall x1 |
| 15:51 | LMG_SON SABANDIJAS · wall_segment Palisade Wall x1 |
| 15:52 | LMG_SON SABANDIJAS · wall_segment Palisade Wall x1 |
| 22:35 | LMG_SON SABANDIJAS · wall_segment Palisade Wall x1 |
| 22:50 | LMG_SON SABANDIJAS · age_up castle |
| 24:42 | 我叫徐海怪 · age_up castle |
| 28:32 | 我叫徐海怪 · resign |
[ AI ANALYSIS · 1 CREDIT ]
What really happened in this match?
Wolo.gg analyzes every decision: build order, eco, micro, common mistakes by bracket. Personalized analysis on WhatsApp or Discord in 30 seconds.
Civ guide
Magyars
Perfil
Jugador #12010648